 Dungeon Crawl Stone Soup version 0.23.2-1-ga50397a6bc (webtiles) character file.

Game seed: 2343870831930220573

5873 Mrkan the Grappler (level 10, -2/104 HPs)
             Began as a Troll Monk on May 18, 2019.
             Was a High Priest of Okawaru.
             Slain by a wyvern zombie (8 damage)
             ... on level 9 of the Dungeon.
             The game lasted 00:15:53 (5921 turns).

Mrkan the Grappler (Troll Monk)                     Turns: 5921, Time: 00:15:54

Health: -2/104     AC:  7    Str: 22 (24) XL:     10   Next: 52%
Magic:  5/11       EV: 10    Int:  5 (6)  God:    Okawaru [*****.]
Gold:   581        SH:  6    Dex:  9 (12) Spells: 9/9 levels left

rFire    . . .     SeeInvis .     - Unarmed
rCold    + . .     Gourm    +   (no shield)
rNeg     . . .     Faith    .   a - +1 robe
rPois    .         Spirit   .   (helmet restricted)
rElec    .         Reflect  +   (no cloak)
rCorr    .         Harm     .   (gloves unavailable)
MR       ++...                  (boots unavailable)
Stlth    +.........             h - +6 amulet of reflection
HPRegen  0.67/turn              (no ring)
MPRegen  0.12/turn              (no ring)

@: flying
A: large, unfitting armour, claws 3, cold resistance 1, fast metabolism 3,
gourmand, magic resistance 2, regeneration 1, shaggy fur 1, tough skin 3
a: Heroism, Finesse, Renounce Religion


You were on level 9 of the Dungeon.
You worshipped Okawaru.
Okawaru was extremely pleased with you.
You were not hungry.

You visited 1 branch of the dungeon, and saw 10 of its levels.

You collected 581 gold pieces.

Inventory:

Hand Weapons
 t - a +4 dire flail
 H - a +0 antimagic quarterstaff
Missiles
 l - 7 curare-tipped needles
Armour
 a - a +1 robe (worn)
 A - the cursed -1 cloak of Kindness {Str+5}
   (You found it on level 6 of the Dungeon)

   It affects your strength (+5).
   It has a curse placed upon it.
Jewellery
 h - a +6 amulet of reflection (around neck)
 m - a cursed -6 ring of protection
 o - a cursed ring of teleportation {unknown}
 y - an uncursed ring of protection from fire {unknown}
 z - an uncursed ring of see invisible {unknown}
 C - a cursed +5 ring of strength
Wands
 b - a wand of acid (13)
 q - a wand of paralysis (5)
 I - a wand of enslavement (9)
Scrolls
 d - 2 scrolls of enchant weapon
 e - 6 scrolls of remove curse
 i - a scroll of blinking {unknown}
 k - 5 scrolls of teleportation
 n - 2 scrolls of enchant armour
 p - 2 scrolls of magic mapping
 w - a scroll of noise
 G - 2 scrolls of amnesia
Potions
 c - 2 potions of magic {unknown}
 f - 2 potions of flight
 g - 4 potions of might {unknown}
 j - 2 potions of mutation
 r - 4 potions of degeneration
 s - 2 potions of curing
 v - 2 potions of haste {unknown}
 x - 2 potions of cancellation {unknown}
 B - a potion of agility {unknown}
 D - a potion of lignification {unknown}
 J - a potion of brilliance {unknown}
Miscellaneous
 E - a phantom mirror
Comestibles
 u - 12 rations


   Skills:
 + Level 8.0 Fighting
 - Level 2.4 Dodging
 - Level 1.0 Stealth
 * Level 12.7 Unarmed Combat
 + Level 2.7 Invocations


You had 9 spell levels left.
You didn't know any spells.
Your spell library contained the following spells:

 Spells                   Type           Power        Failure   Level  Hunger
 Animate Skeleton         Necr           N/A          47%         1    ##.....
 Apportation              Tloc           #.....       47%         1    ##.....
 Confusing Touch          Hex            #.....       47%         1    ##.....
 Summon Small Mammal      Summ           #...         47%         1    ##.....


Dungeon Overview and Level Annotations

Branches:
Dungeon (10/15)            Temple (0/1) D:6
   Lair: D:8-11         Orc: D:9-12

Altars:
Ashenzari
Cheibriados
Elyvilon
Hepliaklqana
Kikubaaqudgha
Okawaru
Qazlal
Ru
Sif Muna

Annotations:
D:10 exclusion: orange crystal statue


Innate Abilities, Weirdness & Mutations

You are too large for most types of armour.
You have claws for hands.
Your metabolism is lightning-fast.
You like to eat raw meat.
Your natural rate of healing is unusually fast.
You are covered in fur. (AC +1)
You have extremely tough skin. (AC +3)
Your flesh is cold resistant. (rC+)
You are highly resistant to hostile enchantments. (MR++)


Message History

You fly downwards.
Marking area around the orange crystal statue as unsafe for travelling.
A gargoyle and an orange crystal statue come into view.
Found ten items.
There is a stone staircase leading up here.
You can't go down here!
The orange crystal statue fixes its piercing gaze on you.
You feel your power leaking away.
You fly upwards.
The wyvern zombie bites you!
* * * LOW HITPOINT WARNING * * *
The wyvern zombie bites you.
* * * LOW HITPOINT WARNING * * *
There is a stone staircase leading down, spattered with blood here.
You claw the wyvern zombie!
The wyvern zombie is moderately damaged.
The wyvern zombie bites you but does no damage.
You claw the wyvern zombie!
The wyvern zombie is heavily damaged.
The wyvern zombie bites you!
You die...

#.# #.# #%# ######.###
#..## ........... ....
#.... ########### .......
#....### o###.## #.....#
..#).Z#. #...#.####.#
..##F##.# ###...@.....#
#.l#D#.#.#.##..#Z######
..h###.o#.#.##...# #######
#!o#..#.#o#.#...# #......
#?#)#T###.T# #.#####
#T#.#o#Z##o## #.#
..#.#.#.#.#.###########.#
###########os.........##.#
.........########.##.#


You could see a troll, a jumping spider, an orc warrior, an orc and a wyvern
zombie.

Vanquished Creatures
  2 two-headed ogres
  Pikel (D:5)
  A hornet (shapeshifter) (D:9)
  2 hippogriffs
  A human (D:7)
  A yak (D:7)
  3 hogs (D:7)
  Edmund (D:5)
  Menkaure (D:4)
  An ice beast (D:6)
  3 orc warriors
  A necrophage (D:8)
  A slave (D:5)
  2 ogres
  3 centaurs
  2 bullfrogs
  4 scorpions
  A howler monkey (D:4)
  6 crimson imps
  5 hounds
  A quasit (D:8)
  3 jellies
  5 orc priests
  8 orc wizards
  2 bullfrog skeletons
  Crazy Yiuf (D:7)
  An iguana (D:4)
  Natasha (D:4)
  4 worker ants
  2 hound skeletons (D:5)
  2 worker ant zombies
  9 gnolls
  2 howler monkey skeletons
  11 adders
  A shadow imp (D:8)
  An ooze (D:3)
  2 adder skeletons
  2 worms
  7 dart slugs
  5 leopard geckos
  34 orcs
  4 ball pythons
  A giant cockroach (D:5)
  5 goblins
  10 hobgoblins
  4 jackals
  5 kobolds
  3 quokkas
  A ball python skeleton (D:2)
  3 bats
  4 frilled lizards
  2 jackal skeletons
  A quokka skeleton (D:6)
  4 rats
193 creatures vanquished.

Vanquished Creatures (others)
  A jelly (D:5)
1 creature vanquished.

Grand Total: 194 creatures vanquished

Notes
Turn   | Place    | Note
-------+----------+-------------------------------------------
     0 | D:1      | Mrkan the Troll Monk began the quest for the Orb.
     0 | D:1      | Reached XP level 1. HP: 22/22 MP: 0/0
   129 | D:1      | Reached XP level 2. HP: 28/29 MP: 1/1
   710 | D:1      | Reached XP level 3. HP: 36/36 MP: 2/2
   785 | D:2      | Reached skill level 4 in Unarmed Combat
  1159 | D:2      | Reached XP level 4. HP: 32/45 MP: 3/3
  1740 | D:3      | Reached skill level 5 in Unarmed Combat
  1859 | D:3      | Reached XP level 5. HP: 49/53 MP: 4/4
  2374 | D:4      | Reached XP level 6. HP: 4/62 MP: 5/5
  2506 | D:4      | Found a snail-covered altar of Cheibriados.
  2545 | D:4      | Reached skill level 6 in Unarmed Combat
  2596 | D:4      | Noticed Menkaure
  2610 | D:4      | Killed Menkaure
  2659 | D:4      | Reached XP level 7. HP: 59/70 MP: 6/6
  2769 | D:4      | Noticed Natasha
  2774 | D:4      | Killed Natasha
  2822 | D:4      | Reached skill level 7 in Unarmed Combat
  2859 | D:4      | Noticed a troll
  3127 | D:4      | Found an iron altar of Okawaru.
  3139 | D:4      | Became a worshipper of Warmaster Okawaru
  3139 | D:4      | Reached * piety under Okawaru
  3139 | D:4      | Reached ** piety under Okawaru
  3181 | D:5      | Entered Level 5 of the Dungeon
  3255 | D:5      | Noticed Edmund
  3269 | D:5      | Killed Edmund
  3269 | D:5      | Reached skill level 8 in Unarmed Combat
  3295 | D:5      | Reached skill level 5 in Fighting
  3298 | D:5      | Reached XP level 8. HP: 75/80 MP: 7/7
  3315 | D:5      | Noticed Pikel
  3324 | D:5      | Killed Pikel
  3324 | D:5      | Reached *** piety under Okawaru
  3324 | D:5      | Reached skill level 9 in Unarmed Combat
  3693 | D:6      | Reached skill level 10 in Unarmed Combat
  3756 | D:6      | Noticed a two-headed ogre
  3763 | D:6      | Killed a two-headed ogre
  3763 | D:6      | Reached **** piety under Okawaru
  3763 | D:6      | Reached XP level 9. HP: 14/92 MP: 8/8
  3764 | D:6      | Got a faintly glowing cloak
  3835 | D:6      | Found a shattered altar of Ashenzari.
  3874 | D:6      | Found a staircase to the Ecumenical Temple.
  3968 | D:6      | Found a white marble altar of Elyvilon.
  3981 | D:6      | Found an ancient bone altar of Kikubaaqudgha.
  4020 | D:6      | Reached skill level 11 in Unarmed Combat
  4649 | D:7      | Reached ***** piety under Okawaru
  4799 | D:7      | Found a runed translucent door.
  4800 | D:7      | Noticed Crazy Yiuf
  4806 | D:7      | Killed Crazy Yiuf
  4879 | D:7      | Reached XP level 10. HP: 42/102 MP: 9/9
  4885 | D:7      | Reached skill level 12 in Unarmed Combat
  5138 | D:8      | Found an ancient bone altar of Kikubaaqudgha.
  5154 | D:8      | Found a stormy altar of Qazlal.
  5154 | D:8      | Found a white marble altar of Elyvilon.
  5155 | D:8      | Found a deep blue altar of Sif Muna.
  5156 | D:8      | Found a hazy altar of Hepliaklqana.
  5158 | D:8      | Found a sacrificial altar of Ru.
  5223 | D:8      | Reached skill level 1 in Invocations
  5424 | D:8      | Received a gift from Okawaru
  5474 | D:8      | Noticed a two-headed ogre
  5485 | D:8      | Killed a two-headed ogre
  5725 | D:8      | Identified the cursed -1 cloak of Kindness {Str+5} (You
                  | found it on level 6 of the Dungeon)
  5877 | D:9      | Noticed a five-headed hydra
  5879 | D:9      | Noticed a harpy
  5904 | D:9      | HP: 3/104 [harpy (shapeshifter) (9)]
  5909 | D:9      | Gained mutation: You are resistant to hostile enchantments.
                  | (MR+) [potion of mutation]
  5909 | D:9      | Gained mutation: Your flesh is cold resistant. (rC+)
                  | [potion of mutation]
  5909 | D:9      | Gained mutation: You are highly resistant to hostile
                  | enchantments. (MR++) [potion of mutation]
  5917 | D:10     | Entered Level 10 of the Dungeon
  5917 | D:10     | Noticed an orange crystal statue
  5917 | D:10     | Noticed a gargoyle
  5919 | D:9      | HP: 5/104 [wyvern zombie (3)]
  5921 | D:9      | Slain by a wyvern zombie

Skill      XL: |  1  2  3  4  5  6  7  8  9 10 |
---------------+-------------------------------+-----
Unarmed Combat | 4 5 6 8 10 11 12 | 12.7
Fighting       | 3 4 5 6 7 8 |  8.0
Invocations    | 2 |  2.7
Dodging        | |  2.4
Stealth        | |  1.0

Action                   |  1- 3 |  4- 6 |  7- 9 | 10-12 || total
-------------------------+-------+-------+-------+-------++-------
Melee: Unarmed           |    76 |   117 |   243 |   105 ||   541
       Punch             |     2 |     3 |    16 |     5 ||    26
  Use: Scroll            |       |       |       |    14 ||    14
       Potion            |       |       |       |     4 ||     4
 Stab: Sleeping          |     2 |     1 |     4 |     1 ||     8
  Eat: Ration            |     1 |     1 |     1 |       ||     3
       Chunk             |     4 |    14 |    17 |     7 ||    42
Armor: Robe              |    32 |    35 |    74 |    28 ||   169
Dodge: Dodged            |    45 |    62 |   125 |    56 ||   288
Block: Other             |       |       |       |    16 ||    16
